Map: Ulrena

Players

KingLeoNydus

  • Race: Zerg Zerg
  • League: Diamond

MorN - Winner!

  • Race: Terran Terran
  • League: Diamond

VOD

Have the link to the VOD?

Description

Time

  • Played on: Nov. 17, 2015, 2:04 a.m.
  • Length: 9:53
Show
View Real Time Build Order
Export as new Build Order

KingLeoNydus Zerg 

Build Orders: Hatch First 

Get SALT Encoding   

  12  0:01  Drone  
  13  0:13  Overlord  
  13  0:17  Drone  
  14  0:31  Drone x2  
  16  0:35  Drone  
  17  0:56  Hatchery  
  16  1:00  Drone  
  16  1:02  Extractor  
  16  1:13  Spawning Pool  
  16  1:16  Drone  
  16  1:21  Drone  
  18  1:25  Drone  
  18  1:39  Drone  
  19  1:41  Overlord  
  19  1:59  Queen  
  19  2:00  Zergling x2  
  22  2:03  Metabolic Boost  
  22  2:07  Zergling x2  
  23  2:13  Queen  
  25  2:28  Drone  
  25  2:29  Drone x2  
  28  2:33  Drone x2  
  28  2:35  Zergling x2  
  30  2:46  Drone  
  31  2:58  Drone  
  31  2:59  Drone x2  
  31  3:02  Extractor  
  31  3:05  Overlord  
  33  3:11  Roach Warren, Queen  
  34  3:22  Overlord  
  34  3:23  Drone  
  34  3:27  Zergling x6  
  38  3:45  Overlord  
  38  3:52  Roach x2  
  38  3:53  Roach x3  
  48  3:58  Overlord  
  48  4:06  Roach x3  
  54  4:12  Roach  
  56  4:31  Roach x5  
  62  4:32  Zergling x2  
  66  4:51  Roach  
  66  4:52  Overlord, Zergling x2  
  67  4:53  Overlord x2  
  57  5:09  Drone  
  57  5:10  Drone x5  
  60  5:16  Lair  
  60  5:28  Drone x5  
  65  5:31  Extractor  
  65  5:33  Extractor  
  63  5:43  Spore Crawler  
  63  5:46  Spore Crawler  
  35  6:28  Zergling x2  
  35  6:29  Zergling x6  
  35  6:30  Spire  
  38  6:43  Drone x2  
  38  6:44  Drone x2  
  42  6:52  Drone  
  43  6:59  Drone x3  
  43  7:00  Drone  
  46  7:03  Drone x3  
  49  7:25  Drone x3  
  47  7:42  Mutalisk x5  
  47  7:43  Mutalisk x3  
  63  7:51  Hatchery  
  62  7:59  Glial Reconstitution  
  62  8:02  Evolution Chamber, Drone  
  62  8:03  Drone x3  
  62  8:04  Evolution Chamber, Drone  
  62  8:05  Drone  
  66  8:13  Mutalisk x2  
  66  8:16  Overlord  
  70  8:34  Hydralisk Den  
  69  8:54  Queen  
  73  8:55  Roach  
  73  8:56  Roach x6  
  85  9:04  Overlord x2  
  85  9:14  Roach  
  85  9:15  Roach x4  
  96  9:17  Ravager x4  
  96  9:23  Ravager x3  
  102  9:25  Zergling x4  
  102  9:26  Zergling x2  
Show
View Real Time Build Order
Export as new Build Order

MorN Terran - Winner!

Build Orders: Liberator Opening, Reaper Expand, MMM Bio 

Get SALT Encoding   

  12  0:00  SCV  
  13  0:12  SCV  
  14  0:17  Supply Depot  
  14  0:25  SCV  
  15  0:39  SCV  
  15  0:41  Barracks  
  16  0:47  Refinery  
  16  0:51  SCV  
  17  1:03  SCV  
  18  1:15  SCV  
  19  1:29  Orbital Command  
  19  1:30  Reaper  
  20  1:43  Command Center  
  20  1:54  Supply Depot  
  20  2:02  Reaper  
  20  2:06  SCV  
  22  2:21  SCV  
  23  2:33  SCV  
  23  2:36  Factory  
  24  2:42  Command Center  
  24  2:47  Barracks Reactor, Refinery  
  24  2:56  Orbital Command  
  24  2:57  SCV  
  25  3:09  SCV  
  26  3:20  Starport  
  26  3:21  SCV  
  26  3:27  SCV  
  28  3:31  Barracks Tech Lab  
  28  3:33  SCV  
  29  3:45  SCV, Hellion x2  
  32  3:51  Liberator, Stimpack, Marine  
  32  3:55  Orbital Command  
  33  4:09  Hellion x2  
  40  4:15  SCV x2  
  42  4:21  SCV  
  43  4:25  Marauder  
  43  4:27  SCV x2, Bunker  
  47  4:32  Widow Mine x2  
  51  4:39  SCV  
  51  4:49  Marauder  
  48  4:54  Liberator  
  45  5:06  SCV x2  
  50  5:17  Marauder  
  52  5:26  Widow Mine x2  
  53  5:31  SCV, Engineering Bay  
  54  5:45  SCV  
  55  5:57  Orbital Command  
  54  6:05  Marine  
  53  6:16  Terran Infantry Weapons Level 1  
  53  6:17  SCV, Barracks  
  53  6:18  Engineering Bay, Starport Reactor  
  52  6:19  Barracks  
  52  6:21  Factory Reactor  
  52  6:23  Barracks, Marine  
  52  6:24  SCV, Barracks  
  51  6:26  SCV  
  52  6:35  SCV  
  53  6:40  Combat Shields  
  53  6:47  Marine  
  53  6:49  SCV x2  
  53  6:50  SCV  
  53  6:52  Terran Infantry Armor Level 1  
  53  6:53  Missile Turret  
  55  7:01  SCV x2  
  55  7:03  Supply Depot  
  55  7:04  Marine  
  55  7:06  Marine x2  
  55  7:07  SCV  
  61  7:16  Factory Reactor  
  61  7:21  Barracks Reactor x2  
  61  7:25  Marine x5  
  61  7:28  SCV x2  
  65  7:30  Supply Depot  
  65  7:31  SCV  
  65  7:34  Refinery, Medivac  
  65  7:35  Refinery  
  65  7:36  Armory  
  68  7:42  Marine  
  69  7:50  Supply Depot  
  69  7:52  SCV x3, Medivac, Marine x3  
  69  7:55  Supply Depot  
  77  7:58  Supply Depot  
  77  8:11  Marine x4, Widow Mine x2  
  85  8:16  SCV x2, Medivac, Marine x2  
  85  8:18  Marine  
  85  8:19  Marine  
  93  8:21  Supply Depot  
  93  8:28  SCV  
  88  8:53  Missile Turret  
  88  8:54  Marine x5  
  94  8:57  Orbital Command  
  94  8:58  SCV, Marine x3  
  96  9:04  Barracks, Marine  
  96  9:06  Barracks  
  96  9:07  Barracks  
  97  9:12  Marine x2  
  97  9:16  Barracks Reactor  
  98  9:19  Marine x4  
  98  9:20  Medivac x2, Widow Mine  
  108  9:28  Missile Turret  
  108  9:30  SCV  
  109  9:32  Missile Turret  
  109  9:34  Supply Depot  
  109  9:35  Supply Depot  
  109  9:38  SCV  
Tags
 
Add a new tag
Caveats
  • Supply blocks, unpowered buildings, or Contaminate may cause inaccurate times.
  • Supply counts are checked every 10 seconds.